AoeStats
← KalasKula

Nomad

510626583Analyzed
3v3 RM · 1d ago on Oct 1, 2026· 26m 40s· 6 players
Game mode
Random Map
Map size
210×210
Population
200
Speed
Normal
Resources
Standard
Victory
Conquest
Starting age
Dark Age
Ending age
Imperial Age
RankedLock teamsTeams togetherTeam positionsShared explorationLock speedFull tech treeHidden civsTurbo modeCheats
Victory
Defeat
🇸🇪 Bengalis · Sweden
1794
+10
🇸🇪 Koreans · Sweden
1497
+22
🇸🇪 Spanish · Sweden
1446
+24
🇫🇷 Turks · France
1695
-21
🇫🇷 Britons · France
1640
-19
🇬🇧 Saxons · United Kingdom
1567
-16
hurm0k [PT]
3:06 Loom
12:53 Feudal Age
13:38 Double-Bit Axe
14:14 Fletching
16:50 Fishing Lines
23:17 Castle Age
23:27 Stone Mining
24:15 Medium Warships
24:16 Bodkin Arrow
BuLLeT_
5:12 Loom
13:35 Feudal Age
17:54 Castle Age
16:05 Fishing Lines
16:21 Double-Bit Axe
17:07 Stone Mining
18:27 Gillnets
18:48 Bow Saw
20:45 Town Watch
KalasKula
10:45 Loom
12:51 Feudal Age
11:09 Loom
16:44 Castle Age
14:56 Double-Bit Axe
16:28 Fishing Lines
17:54 Bow Saw
22:22 Padded Archer Armor
25:40 Wheelbarrow
25:56 Horse Collar
AJC
4:03 Loom
14:51 Feudal Age
19:05 Castle Age
16:54 Double-Bit Axe
17:34 Fishing Lines
18:27 Scale Mail Armor
19:29 Forging
20:16 Chain Mail Armor
20:13 Bow Saw
19:55 Gillnets
20:49 Gold Mining
25:49 Iron Casting
76nateK
4:08 Loom
13:55 Feudal Age
16:09 Forging
16:23 Bloodlines
16:14 Double-Bit Axe
16:52 Scale Barding Armor
17:12 Bloodlines
25:32 Castle Age
Ketan67
8:25 Loom
13:13 Feudal Age
18:00 Castle Age
16:34 Gold Mining
16:55 Fletching
18:45 Bodkin Arrow
23:11 Padded Archer Armor
Connection lost

Rejoining the realm…

Still unreachable

The connection could not be restored.

Session expired

The server has moved on; the page needs a fresh start.